 Dungeon Crawl Stone Soup version 0.23.2-1-ga50397a6bc (webtiles) character file.

Game seed: 1546053314448191263

155 Mrkan the Ruffian (level 5, -2/50 HPs)
             Began as a Troll Monk on May 21, 2019.
             Slain by an orc
             ... wielding a +0 trident of venom
              (9 damage)
             ... on level 4 of the Dungeon.
             The game lasted 00:03:25 (1749 turns).

Mrkan the Ruffian (Troll Monk)                      Turns: 1749, Time: 00:03:25

Health: -2/50      AC:  6    Str: 19    XL:     5   Next: 14%
Magic:  4/4        EV: 10    Int:  6    God:
Gold:   106        SH:  0    Dex: 13    Spells: 4/4 levels left

rFire    . . .     SeeInvis .     - Unarmed
rCold    . . .     Gourm    +   (no shield)
rNeg     . . .     Faith    .   a - +0 robe
rPois    .         Spirit   .   (helmet restricted)
rElec    .         Reflect  .   (no cloak)
rCorr    .         Harm     .   (gloves unavailable)
MR       .....                  (boots unavailable)
Stlth    ++........             (no amulet)
HPRegen  0.56/turn              (no ring)
MPRegen  0.09/turn              (no ring)

@: lethally poisoned (-2 -> -11), slowed, very slow
A: large, unfitting armour, claws 3, fast metabolism 3, gourmand, regeneration
1, shaggy fur 1, tough skin 3
a: no special abilities


You were on level 4 of the Dungeon.
You were very full.

You visited 1 branch of the dungeon, and saw 4 of its levels.

You collected 106 gold pieces.

Inventory:

Missiles
 g - 4 large rocks (quivered)
Armour
 a - a +0 robe (worn)
Scrolls
 c - 4 scrolls of identify {unknown}
 f - a scroll of blinking {unknown}
 h - a scroll of remove curse {unknown}
 i - 2 scrolls of enchant weapon {unknown}
Potions
 d - 3 potions of curing {unknown}
 e - 3 potions of heal wounds {unknown}
Comestibles
 b - 5 rations


   Skills:
 - Level 2.4 Fighting
 - Level 2.4 Dodging
 - Level 1.0 Stealth
 * Level 5.9 Unarmed Combat


You had 4 spell levels left.
You didn't know any spells.
Your spell library contained the following spells:

 Spells                   Type           Power        Failure   Level  Hunger
 Animate Skeleton         Necr           N/A          45%         1    ##.....
 Apportation              Tloc           #.....       45%         1    ##.....
 Confusing Touch          Hex            #.....       45%         1    ##.....
 Summon Small Mammal      Summ           #...         45%         1    ##.....


Dungeon Overview and Level Annotations

Branches:
Dungeon (3/15)

Altars:
The Shining One


Innate Abilities, Weirdness & Mutations

You are too large for most types of armour.
You have claws for hands.
Your metabolism is lightning-fast.
You like to eat raw meat.
Your natural rate of healing is unusually fast.
You are covered in fur. (AC +1)
You have extremely tough skin. (AC +3)


Message History

You feel sick. The worker ant bites you. The orc hits you but does no damage.
The orc barely misses you.
The orc hits you from afar with a +0 trident of venom.
You are more poisoned.
The worker ant bites you!
You scratch the worker ant but do no damage.
Your claw misses the worker ant.
You feel sick. The orc hits you but does no damage. The orc barely misses you.
The worker ant bites you.
* * * LOW HITPOINT WARNING * * *
The orc closely misses you.
You scratch the worker ant.
The worker ant is moderately wounded.
You feel very sick. The worker ant closely misses you.
The orc hits you with a cursed -1 flail.
* * * LOW HITPOINT WARNING * * *
The orc misses you.
The orc hits you from afar with a +0 trident of venom!
You die...

.# o. #.# #.
..# . #..####
..##..
#?.oo#####.a.$.
#o@al.#..##..
#####........
#..######
#.....# #g###.#
#.# #.# #.# #.#
l.. #....Z...
#.. ....#####


You could see a worker ant, 3 orcs and a frilled lizard.

Vanquished Creatures
  An orc wizard (D:4)
  3 adders
  A gnoll (D:4)
  2 oozes
  2 worms
  2 dart slugs (D:1)
  A leopard gecko (D:2)
  An orc (D:3)
  9 bats
  3 giant cockroaches
  6 goblins
  7 hobgoblins
  8 jackals
  10 kobolds
  3 quokkas
  A ball python skeleton (D:4)
  2 frilled lizards
  6 rats
68 creatures vanquished.

Notes
Turn   | Place    | Note
-------+----------+-------------------------------------------
     0 | D:1      | Mrkan the Troll Monk began the quest for the Orb.
     0 | D:1      | Reached XP level 1. HP: 22/22 MP: 0/0
    81 | D:1      | Reached XP level 2. HP: 28/29 MP: 1/1
   416 | D:1      | Reached skill level 4 in Unarmed Combat
   465 | D:1      | Reached XP level 3. HP: 20/36 MP: 2/2
   513 | D:1      | Found a glowing golden altar of the Shining One.
  1027 | D:2      | Reached skill level 5 in Unarmed Combat
  1027 | D:2      | Reached XP level 4. HP: 42/44 MP: 3/3
  1712 | D:3      | You fall through a shaft!
  1743 | D:4      | Reached XP level 5. HP: 46/50 MP: 4/4
  1749 | D:4      | Slain by an orc

Skill      XL: |  1  2  3 |
---------------+----------+-----
Unarmed Combat | 4 5 |  5.9
Fighting       | |  2.4
Dodging        | |  2.4
Stealth        | |  1.0

Action                   |  1- 3 |  4- 6 || total
-------------------------+-------+-------++-------
Melee: Unarmed           |    94 |    83 ||   177
       Punch             |     4 |       ||     4
 Stab: Sleeping          |     3 |     1 ||     4
  Eat: Chunk             |    15 |     5 ||    20
Armor: Robe              |    50 |    66 ||   116
Dodge: Dodged            |    56 |    72 ||   128
